[Event "V. Korchnoi Memorial 2019"]
[Site "St. Petersburg"]
[Date "2019.08.14"]
[Round "1.2"]
[White "Nurgali, Nazerke"]
[Black "Chigaev, Maksim"]
[Result "0-1"]
[ECO "E69"]
[WhiteElo "2045"]
[BlackElo "2643"]
[Annotator "ChessBase"]
[PlyCount "109"]
[EventDate "2019.08.13"]
[EventType "swiss"]
[EventCountry "RUS"]
[SourceTitle "playchess.com"]
[Source "ChessBase"]
[SourceQuality "1"]
[TimeControl "5400+30"]

1. d4 Nf6 2. c4 g6 3. Nf3 Bg7 4. g3 O-O 5. Bg2 d6 6. Nc3 Nbd7 7. O-O e5 8. e4 c6 9. h3 Qb6 10. c5 dxc5 11. dxe5 Ne8 12. Bg5 Nc7 13. Be7 Re8 14. Bd6 Na6 15. Rc1 Nxe5 16. Nxe5 Bxe5 17. Bxe5 Rxe5 18. f4 Re8 19. f5 c4+ 20. Kh2 Nc5 21. Na4 Nxa4 22. Qxa4 Qxb2 23. Qxc4 gxf5 24. Rb1 Qf6 25. exf5 Rd8 26. Qf4 Rd4 27. Qe3 Kg7 28. Rf4 Rxf4 29. Qxf4 Qxf5 30. Qc1 a5 31. Rb3 Be6 32. Rf3 Qe5 33. Re3 Qg5 34. h4 Qh6 35. Qb2+ Qf6 36. Qxb7 Rd8 37. Rf3 Qd4 38. Qe7 h6 39. Rf4 Rd7 40. Qa3 Qd2 41. Qc5 Bd5 42. Rf2 Qb4 43. Qc2 Bxg2 44. Kxg2 c5 45. Qf5 Qd4 46. Rf4 Qd5+ 47. Qxd5 Rxd5 48. Ra4 Kf6 49. Rxa5 Ke5 50. Ra4 Rd4 51. Rxd4 Kxd4 52. Kf2 Kc3 53. Ke3 c4 54. a4 Kb2 55. Kd4 0-1

[Event "V. Korchnoi Memorial 2019"]
[Site "St. Petersburg"]
[Date "2019.08.14"]
[Round "1.3"]
[White "Zvjaginsev, Vadim"]
[Black "Zhukov, Maksim"]
[Result "1-0"]
[ECO "B12"]
[WhiteElo "2639"]
[BlackElo "2042"]
[Annotator "ChessBase"]
[PlyCount "43"]
[EventDate "2019.08.13"]
[EventType "swiss"]
[EventCountry "RUS"]
[SourceTitle "playchess.com"]
[Source "ChessBase"]
[SourceQuality "1"]
[TimeControl "5400+30"]

1. e4 c6 2. d4 d5 3. e5 c5 4. dxc5 Nc6 5. f4 e6 6. Be3 d4 7. Bf2 Bxc5 8. Nd2 Qb6 9. Bd3 Nge7 10. a3 Nd5 11. b4 Be7 12. Qf3 Nc3 13. Ne2 Nxe2 14. Qxe2 a6 15. c4 O-O 16. O-O f5 17. exf6 Bxf6 18. c5 Qc7 19. Nc4 Bd7 20. Bg3 Rae8 21. Qc2 h6 22. Qe2 1-0

[Event "V. Korchnoi Memorial 2019"]
[Site "St. Petersburg"]
[Date "2019.08.14"]
[Round "1.4"]
[White "Vunder, Andrey"]
[Black "Gareyev, Timur"]
[Result "0-1"]
[ECO "A53"]
[WhiteElo "2039"]
[BlackElo "2600"]
[Annotator "ChessBase"]
[PlyCount "52"]
[EventDate "2019.08.13"]
[EventType "swiss"]
[EventCountry "RUS"]
[SourceTitle "playchess.com"]
[Source "ChessBase"]
[SourceQuality "1"]
[TimeControl "5400+30"]

1. d4 Nf6 2. Nf3 d6 3. c4 Bf5 4. Nc3 c6 5. e3 Nbd7 6. Bd3 Bg6 7. O-O e5 8. Bxg6 hxg6 9. Qc2 Qc7 10. b4 d5 11. dxe5 Nxe5 12. Nxe5 Qxe5 13. h3 Bxb4 14. Nxd5 Nxd5 15. cxd5 Qxa1 16. Qe4+ Be7 17. dxc6 Qc3 18. cxb7 Rd8 19. Bb2 Qb4 20. Qc6+ Kf8 21. Be5 Rh5 22. b8=Q Rxb8 23. Bxb8 Qxb8 24. Rc1 Kg8 25. Qd7 Rc5 26. Rd1 Bf6 0-1

[Event "V. Korchnoi Memorial 2019"]
[Site "St. Petersburg"]
[Date "2019.08.14"]
[Round "1.5"]
[White "Goganov, Aleksey"]
[Black "Gorbatenko, Alexander"]
[Result "1-0"]
[ECO "D37"]
[WhiteElo "2564"]
[BlackElo "2038"]
[Annotator "ChessBase"]
[PlyCount "87"]
[EventDate "2019.08.13"]
[EventType "swiss"]
[EventCountry "RUS"]
[SourceTitle "playchess.com"]
[Source "ChessBase"]
[SourceQuality "1"]
[TimeControl "5400+30"]

1. Nf3 Nf6 2. c4 e6 3. d4 d5 4. Nc3 a6 5. cxd5 exd5 6. Bg5 Be6 7. e3 Nbd7 8. h3 h6 9. Bf4 Be7 10. Qc2 Rc8 11. Be2 c5 12. O-O O-O 13. a4 Qa5 14. Rfd1 Rfd8 15. dxc5 Nxc5 16. Nd4 Nfe4 17. Nxe4 Nxe4 18. Qd3 Bf6 19. Bf3 Nc5 20. Qa3 Qb6 21. a5 Qa7 22. Rac1 b5 23. b4 Bxd4 24. Rxd4 Ne4 25. Bxe4 dxe4 26. Rxe4 Bc4 27. Qb2 Rd5 28. Bg3 Rcd8 29. Kh2 Kh7 30. Rf4 Qe7 31. e4 Rd2 32. Rc2 Rxc2 33. Qxc2 Qxb4 34. e5+ Kg8 35. e6 fxe6 36. Rg4 Qf8 37. Qg6 Rd7 38. Qxh6 Bd5 39. Qh5 Qf7 40. Qe5 Rb7 41. Rf4 Qc7 42. Qh5 Qc6 43. Rh4 Be4 44. Be5 1-0

[Event "V. Korchnoi Memorial 2019"]
[Site "St. Petersburg"]
[Date "2019.08.14"]
[Round "1.6"]
[White "Sokolov, Ilia"]
[Black "Stupak, Kirill"]
[Result "0-1"]
[ECO "A40"]
[WhiteElo "2034"]
[BlackElo "2561"]
[Annotator "ChessBase"]
[PlyCount "96"]
[EventDate "2019.08.13"]
[EventType "swiss"]
[EventCountry "RUS"]
[SourceTitle "playchess.com"]
[Source "ChessBase"]
[SourceQuality "1"]
[TimeControl "5400+30"]

1. Nf3 g6 2. g3 Bg7 3. d4 c5 4. c3 Qa5 5. Nbd2 cxd4 6. Nb3 Qb6 7. cxd4 Nf6 8. Bg2 O-O 9. O-O d5 10. Ne5 Nc6 11. Bf4 Bf5 12. Nxc6 bxc6 13. Be5 Bh6 14. Bxf6 exf6 15. e3 a5 16. Rc1 a4 17. Nc5 Qxb2 18. Nxa4 Qb4 19. Nc3 Ra3 20. Nb1 Ra6 21. Rc5 Rb8 22. Qe2 Rba8 23. a3 Qb7 24. e4 Re8 25. f3 Rb6 26. Qd3 Be6 27. f4 dxe4 28. Bxe4 f5 29. Bf3 Bf8 30. Rc3 Rd8 31. Rfc1 Rd6 32. Nd2 Bg7 33. Nc4 Rxd4 34. Qe2 Rb3 35. Ne5 Rxc3 36. Rxc3 Bxe5 37. fxe5 Qb6 38. Kg2 c5 39. Rc2 c4 40. Rb2 Qd8 41. Qe3 Kg7 42. Rc2 h5 43. Be2 h4 44. Kf2 Re4 45. Qc5 hxg3+ 46. hxg3 f4 47. Bf3 fxg3+ 48. Kg2 Qh4 0-1

[Event "V. Korchnoi Memorial 2019"]
[Site "St. Petersburg"]
[Date "2019.08.14"]
[Round "1.7"]
[White "Vorobiov, Evgeny E."]
[Black "Svidinsky, Dmitry"]
[Result "1-0"]
[ECO "E07"]
[WhiteElo "2560"]
[BlackElo "2022"]
[Annotator "ChessBase"]
[PlyCount "83"]
[EventDate "2019.08.13"]
[EventType "swiss"]
[EventCountry "RUS"]
[SourceTitle "playchess.com"]
[Source "ChessBase"]
[SourceQuality "1"]
[TimeControl "5400+30"]

1. d4 d5 2. c4 e6 3. Nf3 Nf6 4. g3 Be7 5. Bg2 O-O 6. Nc3 c6 7. O-O Nbd7 8. Qc2 b6 9. e4 Ba6 10. b3 dxc4 11. Rd1 cxb3 12. axb3 Bb7 13. h4 h6 14. Bf4 Re8 15. Ne5 Nxe5 16. dxe5 Nd7 17. Rd2 Qc8 18. Rad1 Rd8 19. h5 Nf8 20. Rd6 Bxd6 21. exd6 e5 22. Bxe5 Qg4 23. Bf4 Qxh5 24. Be3 Qg6 25. Qd2 Nd7 26. Bf4 Qe6 27. b4 a5 28. b5 cxb5 29. Nxb5 Qc4 30. Nd4 Rac8 31. Qe3 Qc3 32. Qe2 Nc5 33. Nf5 Ne6 34. Be3 Qf6 35. Bxb6 a4 36. Ne7+ Kh8 37. e5 Qg5 38. Bxb7 Nf4 39. Qf3 Nh3+ 40. Kg2 Rc2 41. Kxh3 Rb8 42. Qxf7 1-0

[Event "V. Korchnoi Memorial 2019"]
[Site "St. Petersburg"]
[Date "2019.08.14"]
[Round "1.8"]
[White "Lazhevskaya, Zhanni"]
[Black "Lintchevski, Daniil"]
[Result "0-1"]
[ECO "B11"]
[WhiteElo "2021"]
[BlackElo "2538"]
[Annotator "ChessBase"]
[PlyCount "72"]
[EventDate "2019.08.13"]
[EventType "swiss"]
[EventCountry "RUS"]
[SourceTitle "playchess.com"]
[Source "ChessBase"]
[SourceQuality "1"]
[TimeControl "5400+30"]

1. e4 c6 2. Nc3 d5 3. Nf3 Bg4 4. h3 Bh5 5. exd5 cxd5 6. Bb5+ Nc6 7. g4 Bg6 8. Ne5 Rc8 9. d4 e6 10. h4 f6 11. Nxg6 hxg6 12. Qd3 Kf7 13. Bxc6 Rxc6 14. Bd2 Bb4 15. Ne2 Qa5 16. a3 Bxd2+ 17. Qxd2 Qxd2+ 18. Kxd2 Ne7 19. f4 Nc8 20. b3 Nd6 21. Rh2 Rhc8 22. Rc1 Ne4+ 23. Kd3 Nc3 24. f5 gxf5 25. gxf5 exf5 26. Ke3 Ne4 27. c4 dxc4 28. d5 R6c7 29. bxc4 Rxc4 30. Rxc4 Rxc4 31. Nd4 Rc3+ 32. Kf4 Nd6 33. Nc2 g6 34. Re2 Rc4+ 35. Kg3 f4+ 36. Kf3 Nf5 0-1

[Event "V. Korchnoi Memorial 2019"]
[Site "St. Petersburg"]
[Date "2019.08.14"]
[Round "1.9"]
[White "Sorokin, Aleksey"]
[Black "Sairanov, Talgat"]
[Result "1-0"]
[ECO "E94"]
[WhiteElo "2537"]
[BlackElo "2021"]
[Annotator "ChessBase"]
[PlyCount "69"]
[EventDate "2019.08.13"]
[EventType "swiss"]
[EventCountry "RUS"]
[SourceTitle "playchess.com"]
[Source "ChessBase"]
[SourceQuality "1"]
[TimeControl "5400+30"]

1. d4 Nf6 2. c4 g6 3. Nc3 Bg7 4. e4 d6 5. Nf3 O-O 6. Be2 e5 7. O-O exd4 8. Nxd4 Re8 9. f3 c6 10. Kh1 d5 11. cxd5 cxd5 12. Bg5 Nc6 13. Bb5 Qb6 14. Nxc6 bxc6 15. Bxf6 Bxf6 16. Nxd5 cxd5 17. Bxe8 Bb7 18. Qa4 Rd8 19. Rad1 Qe6 20. Qxa7 Qa6 21. Qxa6 Bxa6 22. Rfe1 Rxe8 23. exd5 Rd8 24. b3 Rd6 25. Re8+ Kg7 26. a4 Bc3 27. h4 Kf6 28. Rc1 Bb4 29. Rb8 Ba3 30. Rc6 Ke5 31. b4 Rxc6 32. dxc6 Kd6 33. b5 Kc7 34. Ra8 Bc8 35. b6+ 1-0

[Event "V. Korchnoi Memorial 2019"]
[Site "St. Petersburg"]
[Date "2019.08.14"]
[Round "1.10"]
[White "Kiseleva, Arina"]
[Black "Iljiushenok, Ilia"]
[Result "0-1"]
[ECO "A30"]
[WhiteElo "2018"]
[BlackElo "2533"]
[Annotator "ChessBase"]
[PlyCount "84"]
[EventDate "2019.08.13"]
[EventType "swiss"]
[EventCountry "RUS"]
[SourceTitle "playchess.com"]
[Source "ChessBase"]
[SourceQuality "1"]
[TimeControl "5400+30"]

1. Nf3 Nf6 2. c4 e6 3. d4 c5 4. e3 b6 5. Be2 Bb7 6. O-O Be7 7. b3 O-O 8. Bb2 d6 9. Nbd2 Nbd7 10. Rc1 Rc8 11. dxc5 bxc5 12. Qc2 Rc7 13. Rfd1 Qa8 14. Ne1 Ne5 15. f3 Re8 16. Nd3 Ng6 17. Nf2 Rcc8 18. Bxf6 gxf6 19. Nde4 Rcd8 20. Qc3 Ne5 21. Ng3 Kh8 22. f4 Nd7 23. e4 Rg8 24. Re1 Rg7 25. Nh5 Rg6 26. Bf3 Rdg8 27. Kf1 Qf8 28. h3 Rh6 29. g4 e5 30. f5 Nb8 31. Nd1 Nc6 32. Ne3 Nd4 33. Nd5 Bxd5 34. cxd5 Rxh5 35. gxh5 Rg3 36. Re3 Qh6 37. Kf2 Qg5 38. Bg4 Qf4+ 39. Rf3 Nxf3 40. Bxf3 Rxf3+ 41. Qxf3 Qxc1 42. Qe2 Bf8 0-1

[Event "V. Korchnoi Memorial 2019"]
[Site "St. Petersburg"]
[Date "2019.08.15"]
[Round "2.6"]
[White "Stupak, Kirill"]
[Black "Nikologorsky, Matfei"]
[Result "1-0"]
[ECO "D77"]
[WhiteElo "2561"]
[BlackElo "2214"]
[Annotator "ChessBase"]
[PlyCount "85"]
[EventDate "2019.08.13"]
[EventType "swiss"]
[EventCountry "RUS"]
[SourceTitle "playchess.com"]
[Source "ChessBase"]
[SourceQuality "1"]
[TimeControl "5400+30"]

1. d4 Nf6 2. c4 g6 3. g3 Bg7 4. Bg2 d5 5. Nf3 O-O 6. O-O dxc4 7. Na3 c3 8. bxc3 c5 9. e3 Nc6 10. Qe2 Bf5 11. Rd1 Qa5 12. Bb2 Rfd8 13. h3 Rac8 14. Nd2 cxd4 15. exd4 Be6 16. Nb3 Bxb3 17. axb3 e6 18. b4 Qb6 19. b5 Na5 20. c4 Nb3 21. c5 Qc7 22. Rab1 Nd5 23. Qc4 Na5 24. Qa4 b6 25. Rdc1 Ra8 26. Ba1 Rdc8 27. Nc2 a6 28. bxa6 bxc5 29. Nb4 c4 30. Bxd5 exd5 31. Nxd5 Qd8 32. Nb6 Nb3 33. Rxb3 cxb3 34. Rxc8 Rxc8 35. Nxc8 Qxc8 36. a7 Qa8 37. Qa5 Bf8 38. d5 f6 39. Bxf6 Bd6 40. Bd4 Kf7 41. Qb5 b2 42. Qd7+ Be7 43. Bxb2 1-0

[Event "V. Korchnoi Memorial 2019"]
[Site "St. Petersburg"]
[Date "2019.08.15"]
[Round "2.8"]
[White "Lintchevski, Daniil"]
[Black "Fakhretdinov, Rinat"]
[Result "1/2-1/2"]
[ECO "D06"]
[WhiteElo "2538"]
[BlackElo "2202"]
[Annotator "ChessBase"]
[PlyCount "109"]
[EventDate "2019.08.13"]
[EventType "swiss"]
[EventCountry "RUS"]
[SourceTitle "playchess.com"]
[Source "ChessBase"]
[SourceQuality "1"]
[TimeControl "5400+30"]

1. Nf3 d5 2. d4 Bf5 3. c4 e6 4. Nc3 Nc6 5. Bf4 Bd6 6. Bxd6 Qxd6 7. e3 Nge7 8. Be2 dxc4 9. Bxc4 O-O 10. O-O Bg4 11. Be2 Ng6 12. Rc1 Rfd8 13. h3 Bxf3 14. Bxf3 e5 15. Nb5 Qb4 16. Qb3 Qxb3 17. axb3 exd4 18. Bxc6 bxc6 19. Nxd4 Ne7 20. Rc4 a5 21. Ra1 g6 22. Kf1 Rd5 23. b4 a4 24. Ke2 Ra6 25. Ra3 Kg7 26. Rc1 Rd8 27. Rca1 Rda8 28. e4 Rb6 29. Rxa4 Rab8 30. Rc1 Rxb4 31. Rxb4 Rxb4 32. Kd3 Rxb2 33. Ke3 h5 34. g4 hxg4 35. hxg4 Ra2 36. Nxc6 Nxc6 37. Rxc6 Ra7 38. g5 Kf8 39. f4 Ke7 40. f5 gxf5 41. exf5 Kd7 42. Rh6 Ra4 43. Kf3 Ke7 44. Rc6 Kd7 45. Rc3 Kd6 46. Re3 c5 47. f6 Ra7 48. Ke4 Ra1 49. Rb3 Re1+ 50. Kf4 Rf1+ 51. Ke4 Re1+ 52. Kf4 Rf1+ 53. Ke4 Re1+ 54. Kf4 Rf1+ 55. Ke4 {[%emt 0:50:04] Ke5+} 1/2-1/2

[Event "V. Korchnoi Memorial 2019"]
[Site "St. Petersburg"]
[Date "2019.08.16"]
[Round "3.1"]
[White "Kamsky, Gata"]
[Black "Smirnov, Timofey"]
[Result "1-0"]
[ECO "A03"]
[WhiteElo "2673"]
[BlackElo "2354"]
[Annotator "RC"]
[PlyCount "61"]
[EventDate "2019.08.13"]
[EventType "swiss"]
[EventCountry "RUS"]
[SourceTitle "playchess.com"]
[Source "ChessBase"]
[SourceQuality "1"]
[TimeControl "5400+30"]

1. g3 d5 2. Bg2 Nf6 3. f4 c5 4. Nf3 Nc6 5. d3 e6 6. O-O Be7 7. Nc3 O-O 8. e4 Rb8 9. Ne5 Nd4 10. a4 a6 11. a5 dxe4 12. Nxe4 Nd7 13. Be3 Nf5 14. Bf2 Qc7 15. c3 Nf6 16. b4 Nd5 17. Qc1 cxb4 18. c4 Nc3 19. Nxc3 bxc3 20. Qxc3 Rd8 21. Rad1 Bc5 22. d4 Bd6 23. Rb1 f6 24. Nd3 Bd7 25. Rb6 Rdc8 26. c5 Bf8 27. Qb3 Re8 28. g4 Ne7 29. f5 Nc6 30. Bg3 Qd8 31. Bxb8 1-0

[Event "V. Korchnoi Memorial 2019"]
[Site "St. Petersburg"]
[Date "2019.08.16"]
[Round "3.4"]
[White "Pecnik, Leo"]
[Black "Gareyev, Timur"]
[Result "0-1"]
[ECO "B10"]
[WhiteElo "2336"]
[BlackElo "2600"]
[Annotator "ChessBase"]
[PlyCount "82"]
[EventDate "2019.08.13"]
[EventType "swiss"]
[EventCountry "RUS"]
[SourceTitle "playchess.com"]
[Source "ChessBase"]
[SourceQuality "1"]
[TimeControl "5400+30"]

1. e4 c6 2. Nf3 d5 3. exd5 cxd5 4. Ne5 Nc6 5. d4 e6 6. Bb5 Bd7 7. Nxd7 Qxd7 8. c3 Bd6 9. Qg4 f5 10. Qh5+ Qf7 11. Qxf7+ Kxf7 12. Nd2 Nge7 13. Nf3 a6 14. Bd3 b5 15. O-O h6 16. Re1 g5 17. h3 Kf6 18. Be3 Rhc8 19. Re2 Ng6 20. Rae1 Re8 21. g4 Re7 22. Bd2 Bf4 23. gxf5 exf5 24. Rxe7 Ncxe7 25. Be3 Nc6 26. Bf1 h5 27. Bg2 Rd8 28. Nd2 g4 29. Nb3 Bxe3 30. fxe3 Nh4 31. Rf1 Ne7 32. hxg4 hxg4 33. Nc5 a5 34. a4 bxa4 35. Ra1 Neg6 36. Rxa4 Re8 37. Rxa5 Rxe3 38. Ra6+ Kg5 39. Bxd5 Nf4 40. Ne6+ Rxe6 41. Bxe6 g3 0-1

[Event "V. Korchnoi Memorial 2019"]
[Site "St. Petersburg"]
[Date "2019.08.16"]
[Round "3.5"]
[White "Goganov, Aleksey"]
[Black "Lesovoi, Evgenij"]
[Result "1/2-1/2"]
[ECO "A17"]
[WhiteElo "2564"]
[BlackElo "2337"]
[Annotator "ChessBase"]
[PlyCount "118"]
[EventDate "2019.08.13"]
[EventType "swiss"]
[EventCountry "RUS"]
[SourceTitle "playchess.com"]
[Source "ChessBase"]
[SourceQuality "1"]
[TimeControl "5400+30"]

1. Nf3 Nf6 2. c4 e6 3. Nc3 d5 4. e3 Be7 5. b3 b6 6. Bb2 Bb7 7. cxd5 exd5 8. d4 Nbd7 9. Bd3 Bd6 10. O-O a6 11. Qc2 O-O 12. e4 dxe4 13. Nxe4 Nxe4 14. Bxe4 Bxe4 15. Qxe4 Nf6 16. Qc2 Qd7 17. Ne5 Qb5 18. Rae1 Rfe8 19. Re3 Re6 20. Rh3 Rae8 21. f4 Qd5 22. g4 Qe4 23. Qxe4 Nxe4 24. f5 R6e7 25. Nc6 Rd7 26. Re3 Nf6 27. Rxe8+ Nxe8 28. g5 f6 29. g6 hxg6 30. fxg6 a5 31. Kg2 Bb4 32. a3 Be7 33. Re1 Kf8 34. Kh3 Nd6 35. a4 Nc8 36. Rxe7 Nxe7 37. Ba3 Ke8 38. Nxe7 c5 39. Nf5 cxd4 40. Bc1 Kf8 41. Kg4 d3 42. Bd2 Rd5 43. h4 b5 44. h5 bxa4 45. bxa4 Re5 46. Ng3 Rc5 47. Kf4 Rc4+ 48. Kf5 Rc5+ 49. Ke4 Rc4+ 50. Kf3 Rxa4 51. h6 gxh6 52. Bxh6+ Ke8 53. Ne4 Rd4 54. Be3 Rd8 55. Bc5 Kd7 56. Bb6 Ra8 57. Nxf6+ Ke6 58. Ne4 Rg8 59. Bxa5 Ke5 1/2-1/2

[Event "V. Korchnoi Memorial 2019"]
[Site "St. Petersburg"]
[Date "2019.08.16"]
[Round "3.6"]
[White "Ovchinnikov, Vsevolod"]
[Black "Stupak, Kirill"]
[Result "0-1"]
[ECO "A62"]
[WhiteElo "2316"]
[BlackElo "2561"]
[Annotator "ChessBase"]
[PlyCount "170"]
[EventDate "2019.08.13"]
[EventType "swiss"]
[EventCountry "RUS"]
[SourceTitle "playchess.com"]
[Source "ChessBase"]
[SourceQuality "1"]
[TimeControl "5400+30"]

1. d4 g6 2. c4 Bg7 3. Nf3 Nf6 4. g3 c5 5. d5 O-O 6. Nc3 e6 7. Bg2 exd5 8. cxd5 d6 9. O-O Re8 10. Bf4 Na6 11. Re1 Bf5 12. Nd2 Nh5 13. e4 Nxf4 14. gxf4 Bc8 15. Nc4 Bxc3 16. bxc3 b5 17. Nd2 Rb8 18. Re3 Nc7 19. Nb3 Bb7 20. Qd2 Qh4 21. Rh3 Qf6 22. Rg3 Kh8 23. Rd1 Rbd8 24. Qc1 Ba8 25. Bf3 Re7 26. Bg2 Ne8 27. c4 a6 28. Qc3 Kg7 29. e5 dxe5 30. fxe5 Rxe5 31. Nxc5 Nd6 32. Nd3 Rf5 33. Qxf6+ Rxf6 34. c5 Nc4 35. d6 Bxg2 36. Kxg2 Rf5 37. a4 Rd5 38. axb5 axb5 39. Rb1 h5 40. h4 Kf8 41. Rb4 Ra8 42. Rf3 Kg7 43. Rxb5 Nxd6 44. Rb4 Nf5 45. Rc4 Rc8 46. Kh3 Kf6 47. Rb4 Rc7 48. Rc4 Kg7 49. Rc3 Nd4 50. Re3 Ne6 51. Re4 Rcd7 52. Ne5 Rxc5 53. Nxd7 Rxc3+ 54. Kg2 Rd3 55. Ne5 Rd5 56. Nf3 Kf6 57. Rb4 Kf5 58. Ra4 f6 59. Nh2 Nf4+ 60. Kg3 Rd3+ 61. f3 Ne2+ 62. Kf2 Nc3 63. Rc4 Rd2+ 64. Kg1 Ne2+ 65. Kf2 Nf4+ 66. Kg1 Rg2+ 67. Kh1 Rg3 68. Rc5+ Ke6 69. Rc3 Rh3 70. Rc6+ Ke5 71. Rc5+ Kd6 72. Rc2 Rxh4 73. Kg1 Rh3 74. Rc4 g5 75. Ra4 Rg3+ 76. Kf1 Rh3 77. Kg1 Ke5 78. Ra5+ Ke6 79. Ra6+ Kf5 80. Ra5+ Kg6 81. Ra4 Rg3+ 82. Kf1 h4 83. Ra2 h3 84. Rf2 f5 85. Rd2 Rg2 0-1

[Event "V. Korchnoi Memorial 2019"]
[Site "St. Petersburg"]
[Date "2019.08.16"]
[Round "3.7"]
[White "Sorokin, Aleksey"]
[Black "Gubajdullin, Alexei"]
[Result "1/2-1/2"]
[ECO "D07"]
[WhiteElo "2537"]
[BlackElo "2331"]
[Annotator "ChessBase"]
[PlyCount "121"]
[EventDate "2019.08.13"]
[EventType "swiss"]
[EventCountry "RUS"]
[SourceTitle "playchess.com"]
[Source "ChessBase"]
[SourceQuality "1"]
[TimeControl "5400+30"]

1. d4 d5 2. c4 e5 3. dxe5 d4 4. a3 Nc6 5. e3 dxe3 6. Qxd8+ Kxd8 7. Bxe3 Nxe5 8. Nc3 Be6 9. O-O-O+ Kc8 10. Nf3 Nxc4 11. Bxc4 Bxc4 12. Ne5 Be6 13. Nb5 b6 14. Nc6 Ne7 15. Rd8+ Kb7 16. Rxa8 Nxc6 17. Re8 Bd7 18. Re4 Na5 19. Nc3 f5 20. Rd1 Bc6 21. Rf4 Bxg2 22. Rxf5 Bh3 23. Rf4 Nc6 24. Ne4 h6 25. Ng3 g5 26. Re4 Bd6 27. Rc4 Rf8 28. b4 Ne5 29. Rc3 Nf3 30. Rdd3 Be5 31. Bc5 Bf4+ 32. Kb2 bxc5 33. Rxf3 cxb4 34. axb4 g4 35. Rfd3 Be5 36. Ne4 Bg2 37. Nc5+ Kc8 38. Ne6 Rxf2+ 39. Kb3 Bxc3 40. Rd8+ Kb7 41. Kxc3 Bf1 42. Rg8 h5 43. Rg6 Kc8 44. Rg7 Rxh2 45. Nc5 Kd8 46. Ne6+ Kc8 47. Nc5 c6 48. Ne4 Re2 49. Nd6+ Kd8 50. Nb7+ Ke8 51. Nd6+ Kd8 52. Nb7+ Ke8 53. Nd6+ Kf8 54. Rf7+ Kg8 55. Rxf1 h4 56. Rg1 g3 57. Nf5 Rh2 58. Nxh4 Rxh4 59. Rxg3+ Kf7 60. Re3 Kf6 61. Re2 1/2-1/2

[Event "V. Korchnoi Memorial 2019"]
[Site "St. Petersburg"]
[Date "2019.08.16"]
[Round "3.8"]
[White "Mnatsakanian, Arsen"]
[Black "Iljiushenok, Ilia"]
[Result "0-1"]
[ECO "C41"]
[WhiteElo "2310"]
[BlackElo "2533"]
[Annotator "ChessBase"]
[PlyCount "73"]
[EventDate "2019.08.13"]
[EventType "swiss"]
[EventCountry "RUS"]
[SourceTitle "playchess.com"]
[Source "ChessBase"]
[SourceQuality "1"]
[TimeControl "5400+30"]

1. e4 d6 2. d4 Nf6 3. Nc3 e5 4. Nf3 Nbd7 5. Bc4 Be7 6. O-O O-O 7. Re1 c6 8. h3 b5 9. Bf1 Bb7 10. a3 Re8 11. Bg5 a6 12. Qd2 Qc7 13. Bh4 Rad8 14. Bg3 Bf8 15. Rad1 h6 16. dxe5 dxe5 17. Qe3 Nh5 18. Bh2 f6 19. Ne2 g5 20. Qb3+ Kh7 21. Nfd4 Nc5 22. Qf3 Qf7 23. Nf5 Ne6 24. a4 Nc5 25. axb5 cxb5 26. Nc3 Ng7 27. Rxd8 Rxd8 28. Ne3 b4 29. Ncd5 f5 30. Bxe5 Nxe4 31. Bc4 Rxd5 32. Ng4 Nd2 33. Qxd5 Bxd5 34. Bxd5 Qa7 35. Nf6+ Kg6 36. Bg8 h5 37. g4 0-1

[Event "V. Korchnoi Memorial 2019"]
[Site "St. Petersburg"]
[Date "2019.08.16"]
[Round "3.9"]
[White "Vokhidov, Shamsiddin"]
[Black "Maltsevskaya, Aleksandra"]
[Result "1-0"]
[ECO "B40"]
[WhiteElo "2512"]
[BlackElo "2291"]
[Annotator "ChessBase"]
[PlyCount "93"]
[EventDate "2019.08.13"]
[EventType "swiss"]
[EventCountry "RUS"]
[SourceTitle "playchess.com"]
[Source "ChessBase"]
[SourceQuality "1"]
[TimeControl "5400+30"]

1. e4 c5 2. Nf3 e6 3. g3 Nc6 4. Bg2 d5 5. exd5 exd5 6. d4 Bg4 7. O-O Nf6 8. Re1+ Be7 9. dxc5 O-O 10. h3 Bxf3 11. Qxf3 Bxc5 12. Nc3 Nb4 13. Qd1 d4 14. Ne4 Nxe4 15. Rxe4 d3 16. cxd3 Qxd3 17. Be3 Bxe3 18. Rxe3 Qxd1+ 19. Rxd1 Rfd8 20. Rxd8+ Rxd8 21. Bxb7 Nxa2 22. Ra3 Nb4 23. Rxa7 Kf8 24. Ra8 Rxa8 25. Bxa8 Ke7 26. Be4 g6 27. f4 f5 28. Bb1 Kd6 29. Kf2 Kc5 30. g4 fxg4 31. hxg4 Kc4 32. Be4 Kd4 33. Kf3 Na6 34. Bc2 Nb4 35. Be4 Na6 36. g5 Nb8 37. Bb1 Nc6 38. Ba2 Ne7 39. Be6 Kd3 40. b3 Kc3 41. Ke4 Kb4 42. Ke5 Nc6+ 43. Kd5 Na7 44. Bg8 Nc8 45. Bxh7 Kxb3 46. Ke6 Kc4 47. Bxg6 {[%emt 0:51:32] Kd5+} 1-0

[Event "V. Korchnoi Memorial 2019"]
[Site "St. Petersburg"]
[Date "2019.08.16"]
[Round "3.10"]
[White "Lobanov, Sergei"]
[Black "Postnikov, Artem"]
[Result "1/2-1/2"]
[ECO "B15"]
[WhiteElo "2495"]
[BlackElo "2278"]
[Annotator "ChessBase"]
[PlyCount "88"]
[EventDate "2019.08.13"]
[EventType "swiss"]
[EventCountry "RUS"]
[SourceTitle "playchess.com"]
[Source "ChessBase"]
[SourceQuality "1"]
[TimeControl "5400+30"]

1. e4 c6 2. d4 d5 3. Nc3 dxe4 4. Nxe4 Nf6 5. Nxf6+ exf6 6. c3 Bd6 7. Bd3 O-O 8. Qc2 h5 9. Ne2 Qc7 10. h3 Re8 11. O-O Nd7 12. Bd2 Nf8 13. c4 Ne6 14. c5 Bh2+ 15. Kh1 Bf4 16. Be3 h4 17. b4 Bxe3 18. fxe3 Ng5 19. e4 Qe7 20. Rf4 Ne6 21. Rxh4 Nxd4 22. Nxd4 Qe5 23. Nb3 Qg3 24. Rg4 Bxg4 25. hxg4 Qxg4 26. Rf1 Rad8 27. Kg1 Qg3 28. Nc1 Qe3+ 29. Kh2 Re5 30. g3 a5 31. a3 axb4 32. axb4 Rxe4 33. Bxe4 Rd2+ 34. Qxd2 Qxd2+ 35. Bg2 Qxb4 36. Nd3 Qd4 37. Rd1 g6 38. Bf1 Qg4 39. Rd2 Qg5 40. Rb2 Qh5+ 41. Kg2 Qd5+ 42. Kf2 Qd7 43. Rb4 Kg7 44. Be2 Qf5+ 1/2-1/2

[Event "V. Korchnoi Memorial 2019"]
[Site "St. Petersburg"]
[Date "2019.08.17"]
[Round "4.2"]
[White "Chigaev, Maksim"]
[Black "Hamitevici, Vladimir"]
[Result "1-0"]
[ECO "B07"]
[WhiteElo "2643"]
[BlackElo "2480"]
[Annotator "RC"]
[PlyCount "97"]
[EventDate "2019.08.13"]
[EventType "swiss"]
[EventCountry "RUS"]
[SourceTitle "playchess.com"]
[Source "ChessBase"]
[SourceQuality "1"]
[TimeControl "5400+30"]

1. e4 d6 2. d4 Nf6 3. f3 e5 4. dxe5 dxe5 5. Qxd8+ Kxd8 6. Bc4 Ke8 7. Ne2 Nc6 8. Be3 a6 9. a3 Nd7 10. Nbc3 Bc5 11. Bd2 Nb6 12. Ba2 Nd4 13. Nxd4 Bxd4 14. O-O-O Be6 15. Nd5 Rc8 16. c3 c6 17. Nc7+ Rxc7 18. Bxe6 Bc5 19. Ba2 Nc8 20. Kc2 Rd7 21. Rhf1 Bd6 22. Rde1 Re7 23. g3 Bc7 24. Bg5 f6 25. Bc1 Nd6 26. Rd1 Rd7 27. Rde1 Re7 28. Be3 Kd7 29. Rd1 Rd8 30. Rd3 Ke8 31. Rfd1 b6 32. Bxb6 Bxb6 33. Rxd6 Rxd6 34. Rxd6 Rc7 35. Bd5 Bg1 36. Rxc6 Rxc6 37. Bxc6+ Kf7 38. h3 Bf2 39. g4 Kg6 40. b4 Kg5 41. Bb7 a5 42. c4 axb4 43. axb4 Bb6 44. c5 Bd8 45. Kd3 Kf4 46. b5 h5 47. gxh5 Kxf3 48. b6 Kf4 49. Bc8 1-0

[Event "V. Korchnoi Memorial 2019"]
[Site "St. Petersburg"]
[Date "2019.08.17"]
[Round "4.5"]
[White "Stupak, Kirill"]
[Black "Makhmutov, Rail"]
[Result "1-0"]
[ECO "D85"]
[WhiteElo "2561"]
[BlackElo "2408"]
[Annotator "ChessBase"]
[PlyCount "41"]
[EventDate "2019.08.13"]
[EventType "swiss"]
[EventCountry "RUS"]
[SourceTitle "playchess.com"]
[Source "ChessBase"]
[SourceQuality "1"]
[TimeControl "5400+30"]

1. d4 Nf6 2. c4 g6 3. Nc3 d5 4. cxd5 Nxd5 5. e4 Nxc3 6. bxc3 Bg7 7. Qa4+ Nd7 8. Nf3 c5 9. Be2 O-O 10. O-O cxd4 11. cxd4 Nc5 12. dxc5 Bxa1 13. e5 Bc3 14. Bh6 Qa5 15. Qh4 Qxc5 16. Bxf8 Kxf8 17. Qh6+ Ke8 18. Rd1 e6 19. Qxh7 Ba5 20. Qh8+ Ke7 21. Ng5 1-0